Maple Leafs vs Penguins
(R1)
Created - 18 avril 2014 at 19:14
Goals
|
| Maple Leafs |
2 |
0 |
1 |
3 |
| Penguins |
2 |
3 |
1 |
6 |
|
Shots
|
| Maple Leafs |
9 |
12 |
9 |
30 |
| Penguins |
10 |
8 |
4 |
22 |
|
1st period
1. Penguins , Steven Reinprecht 1 (Dainius Zubrus) at 7:12
2. Maple Leafs , Alexander Frolov 2 (Claude Giroux) at 15:04
3. Penguins , Darren Reid 1 (Ryan Kesler, Steve Staios) at 15:26 (PP)
4. Maple Leafs , Claude Giroux 1 (Alexander Frolov, Dion Phaneuf) at 17:02
Penalties :
Darren Reid (Pit) for Tripping (Minor) at 8:08, Claude Giroux (Tor) for Tripping (Minor) at 9:06, Steve Staios (Pit) for Roughing (Minor) at 13:18, Robert Nilsson (Tor) for Holding (Minor) at 14:21, Jamal Mayers (Tor) for High sticking (Double Minor) at 19:29
2nd period
5. Penguins , Tom Preissing 4 (Ted Purcell, Denis Arkhipov) at 1:09 (PP)
6. Penguins , Taylor Pyatt 2 (Ryan Kesler) at 1:13 (PP)
7. Penguins , Brad Isbister 1 (Ryan Kesler) at 2:39
Penalties :
Robert Nilsson (Tor) for Tripping (Minor) at 2:52, Steve Staios (Pit) for Goalie Interference (Minor) at 5:31, Tom Preissing (Pit) for Slashing (Minor) at 9:01, Ryan Carter (Tor) for Hooking (Minor) at 11:28
3rd period
8. Maple Leafs , Nils Ekman 3 (Ryan Carter) at 17:02
9. Penguins , Raffi Torres 1 (Dainius Zubrus) at 17:46
Penalties :
Tom Preissing (Pit) for Hooking (Minor) at 5:55, Joe Corvo (Tor) for Goalie Interference (Minor) at 9:20, Denis Arkhipov (Pit) for Boarding (Minor) at 14:05, Viktor Fasth (Tor) for Slashing (Minor) at 18:55 - Danil Markov served the penalty
Goalie Stats
Marc-André Fleury (Tor), 10 saves from 14 shots - (0,714), L, 0-3-0, 21:13 minutes
Viktor Fasth (Tor), 6 saves from 8 shots - (0,750), 38:47 minutes
Brian Elliott (Pit), 27 saves from 30 shots - (0,900), W, 3-1-0, 60:00 minutes
Players Stats for Maple Leafs
Player Name G A P +/- PIM S H SB GA TA FO MP PP MP PK MP
------------------------------------------------------------------------------------
Alexander Frolov 1 1 2 0 0 4 0 1 0 1 2/3 19:48 5:23 1:54
Andy Hilbert 0 0 0 1 0 1 0 0 1 0 0/0 8:48 0:00 0:12
Braydon Coburn 0 0 0 0 0 1 2 1 0 0 0/0 21:50 4:12 4:02
Brendan Morrison 0 0 0 0 0 2 2 0 1 0 5/9 18:08 4:34 3:25
Brett Clark 0 0 0 0 0 1 0 3 0 0 0/0 21:50 4:12 4:02
Byron Bitz 0 0 0 0 0 6 3 1 1 0 0/0 9:44 0:00 0:00
Claude Giroux 1 1 2 -1 2 4 1 0 2 0 1/2 23:18 5:22 5:31
Danil Markov 0 0 0 0 0 0 1 0 0 1 0/0 11:34 0:00 0:00
Dion Phaneuf 0 1 1 0 0 0 2 1 0 1 0/0 26:36 5:45 5:50
Dustin Penner 0 0 0 0 0 2 1 0 1 0 1/1 18:20 4:34 3:27
Jamal Mayers 0 0 0 0 4 1 2 0 0 0 0/3 13:42 4:34 0:11
Joe Corvo 0 0 0 0 2 0 1 0 0 0 0/0 11:50 0:00 0:00
Nils Ekman 1 0 1 0 0 2 0 0 0 0 0/0 8:30 0:00 0:00
Rob Schremp 0 0 0 0 0 1 0 0 0 1 3/6 8:40 0:00 0:30
Robert Nilsson 0 0 0 -1 4 1 2 1 1 0 10/28 22:12 5:22 4:34
Ryan Carter 0 1 1 0 2 1 1 0 0 0 1/2 9:02 0:00 0:00
Steve Ott 0 0 0 0 0 0 0 0 1 0 0/0 7:37 0:00 0:00
Tobias Enstrom 0 0 0 0 0 3 5 1 0 0 0/0 26:36 5:45 5:50
Players Stats for Penguins
Player Name G A P +/- PIM S H SB GA TA FO MP PP MP PK MP
------------------------------------------------------------------------------------
Brad Isbister 1 0 1 -1 0 1 0 1 1 0 0/0 17:47 4:19 1:57
Dainius Zubrus 0 2 2 2 0 0 0 1 0 0 0/0 13:09 0:17 0:00
Darren Reid 1 0 1 0 2 3 1 1 0 2 0/0 22:16 5:29 4:40
Denis Arkhipov 0 1 1 0 2 0 2 2 1 0 3/9 17:52 4:19 0:10
Dennis Seidenberg 0 0 0 -1 0 0 0 1 0 0 0/0 12:35 0:00 2:37
Eric Boulton 0 0 0 0 0 0 0 0 0 0 0/0 3:37 0:00 0:02
Eric Cairns 0 0 0 0 0 0 0 1 0 0 0/0 9:41 0:00 0:00
Eric Godard 0 0 0 0 0 1 1 0 0 0 0/1 12:05 0:04 2:30
Jay McKee 0 0 0 1 0 1 1 0 0 1 0/0 27:10 5:22 6:03
Marc-Édouard Vlasic 0 0 0 0 0 2 1 0 1 0 0/0 22:00 4:30 3:50
Raffi Torres 1 0 1 2 0 4 2 0 0 2 0/0 12:29 0:07 0:00
Ryan Kesler 0 3 3 0 0 2 1 1 1 0 27/41 26:08 5:16 5:03
Sheldon Souray 0 0 0 -1 0 0 0 0 0 0 0/0 3:41 0:00 1:54
Steve Staios 0 1 1 1 4 1 2 3 0 1 0/0 25:31 5:31 3:48
Steven Reinprecht 1 0 1 1 0 1 1 0 0 0 1/2 4:08 0:00 0:00
Taylor Pyatt 1 0 1 -1 0 1 2 0 0 0 0/1 19:32 5:17 2:46
Ted Purcell 0 1 1 -2 0 2 0 1 0 0 0/0 18:29 4:19 2:46
Tom Preissing 1 0 1 0 4 3 1 0 0 2 0/0 19:50 4:30 1:42
3 Stars
1 - Raffi Torres (Pit)
2 - Ryan Kesler (Pit)
3 - Alexander Frolov (Tor)
Power Play
Maple Leafs - 0 on 6 Attempt(s) - 0,00%
Penguins - 3 on 8 Attempt(s) - 37,50%
Penalty Kill
Maple Leafs - 5 on 8 Attempt(s) - 62,50%
- Score 0 goal in Penalty Kill
Penguins - 6 on 6 Attempt(s) - 100,00%
- Score 0 goal in Penalty Kill
Official
Referees : Rehman Kyle and Pollock Kevin
Linesman : Mark Wheler and Jonny Murray
Game Notes
Viktor Fasth enters game at 1:13 of 2nd period
Steven Reinprecht is injured at 5:07 of 2nd period (Bruised Left Shoulder)
Finance
Level 1 -- Attendance: 6000 (100,00%) -- Ticket Income 474 000 $
Level 2 -- Attendance: 5000 (100,00%) -- Ticket Income 225 000 $
Level 3 -- Attendance: 2000 (100,00%) -- Ticket Income 62 000 $
Level 4 -- Attendance: 4000 (100,00%) -- Ticket Income 64 000 $
Luxury Box -- Attendance: 1000 (100,00%) -- Ticket Income 167 000 $
Game was played at the Igloo
Total Attendance: 18000 (100,00%)
Total Ticket Income: 992 000 $
Other Income: 148 800 $
Total Income: 1 140 800 $
Maple Leafs
5 vs 5 Forward
Center Left Wing Right Wing Time % Phy DF OF
1 Robert Nilsson Alexander Frolov Claude Giroux 40 1 1 3
2 Brendan Morrison Dustin Penner Byron Bitz 30 1 2 2
3 Rob Schremp Steve Ott Jamal Mayers 20 1 2 2
4 Ryan Carter Andy Hilbert Nils Ekman 10 1 2 2
5 vs 5 Defense
Defense Defense Time % Phy DF OF
1 Dion Phaneuf Tobias Enstrom 40 1 2 2
2 Braydon Coburn Brett Clark 30 1 3 1
3 Danil Markov Joe Corvo 20 1 2 2
4 Dion Phaneuf Tobias Enstrom 10 1 2 2
PowerPlay Forward
Center Left Wing Right Wing Time % Phy DF OF
1 Robert Nilsson Alexander Frolov Claude Giroux 60 0 1 4
2 Brendan Morrison Dustin Penner Jamal Mayers 40 0 2 3
PowerPlay Defense
Defense Defense Time % Phy DF OF
1 Dion Phaneuf Tobias Enstrom 60 0 2 3
2 Brett Clark Braydon Coburn 40 0 2 3
Penalty Kill 4 Players Forward
Center Wing Time % Phy DF OF
1 Robert Nilsson Claude Giroux 60 1 3 1
2 Brendan Morrison Dustin Penner 40 1 3 1
Penalty Kill 4 Players Defense
Defense Defense Time % Phy DF OF
1 Dion Phaneuf Tobias Enstrom 60 1 4 0
2 Braydon Coburn Brett Clark 40 1 4 0
Penalty Kill - 3 Players Forward
Forward Time % Phy DF OF
1 Robert Nilsson 60 1 2 0
2 Brendan Morrison 40 1 4 0
Penalty Kill - 3 Players Defense
Defense Defense Time % Phy DF OF
1 Dion Phaneuf Tobias Enstrom 60 1 4 0
2 Braydon Coburn Brett Clark 40 1 4 0
4 vs 4 Forward
Center Wing Time % Phy DF OF
1 Robert Nilsson Claude Giroux 60 1 2 2
2 Brendan Morrison Alexander Frolov 40 1 2 2
4 vs 4 Defense
Defense Defense Time % Phy DF OF
1 Dion Phaneuf Tobias Enstrom 60 1 2 2
2 Braydon Coburn Brett Clark 40 1 2 2
Last Minutes Offensive
Center Left Wing Right Wing Defense Defense
Robert Nilsson Alexander Frolov Claude Giroux Dion Phaneuf Tobias Enstrom
Last Minutes Defensive
Center Left Wing Right Wing Defense Defense
Robert Nilsson Alexander Frolov Claude Giroux Dion Phaneuf Brett Clark
Goaltenders
Starting : Marc-André Fleury
Backup : Viktor Fasth
Extra Forwards
Normal : Jamal Mayers, Alexander Frolov, Claude Giroux - PP : Brendan Morrison, Jamal Mayers - PK : Dustin Penner
Extra Defensemen
Normal : Joe Corvo, Dion Phaneuf, Tobias Enstrom - PP : Joe Corvo - PK : Dion Phaneuf, Tobias Enstrom
Penalty Shots
Claude Giroux, Robert Nilsson, Brendan Morrison, Alexander Frolov, Rob Schremp
Penguins
5 vs 5 Forward
Center Left Wing Right Wing Time % Phy DF OF
1 Ryan Kesler Taylor Pyatt Darren Reid 40 1 2 2
2 Denis Arkhipov Brad Isbister Ted Purcell 30 1 2 2
3 Steven Reinprecht Raffi Torres Dainius Zubrus 20 1 2 2
4 Ryan Kesler Eric Boulton Eric Godard 10 1 2 2
5 vs 5 Defense
Defense Defense Time % Phy DF OF
1 Steve Staios Jay McKee 40 1 2 2
2 Marc-Édouard Vlasic Tom Preissing 30 1 2 2
3 Eric Cairns Dennis Seidenberg 20 1 2 2
4 Sheldon Souray Steve Staios 10 1 2 2
PowerPlay Forward
Center Left Wing Right Wing Time % Phy DF OF
1 Ryan Kesler Taylor Pyatt Darren Reid 60 1 2 2
2 Denis Arkhipov Brad Isbister Ted Purcell 40 1 2 2
PowerPlay Defense
Defense Defense Time % Phy DF OF
1 Steve Staios Jay McKee 60 1 2 2
2 Marc-Édouard Vlasic Tom Preissing 40 1 2 2
Penalty Kill 4 Players Forward
Center Wing Time % Phy DF OF
1 Ryan Kesler Darren Reid 60 1 2 2
2 Taylor Pyatt Ted Purcell 40 1 2 2
Penalty Kill 4 Players Defense
Defense Defense Time % Phy DF OF
1 Steve Staios Jay McKee 60 1 2 2
2 Marc-Édouard Vlasic Tom Preissing 40 1 2 2
Penalty Kill - 3 Players Forward
Forward Time % Phy DF OF
1 Ryan Kesler 60 1 2 2
2 Darren Reid 40 1 2 2
Penalty Kill - 3 Players Defense
Defense Defense Time % Phy DF OF
1 Steve Staios Jay McKee 60 1 2 2
2 Marc-Édouard Vlasic Tom Preissing 40 1 2 2
4 vs 4 Forward
Center Wing Time % Phy DF OF
1 Ryan Kesler Darren Reid 60 1 2 2
2 Taylor Pyatt Ted Purcell 40 1 2 2
4 vs 4 Defense
Defense Defense Time % Phy DF OF
1 Steve Staios Jay McKee 60 1 2 2
2 Marc-Édouard Vlasic Tom Preissing 40 1 2 2
Last Minutes Offensive
Center Left Wing Right Wing Defense Defense
Ryan Kesler Taylor Pyatt Darren Reid Steve Staios Jay McKee
Last Minutes Defensive
Center Left Wing Right Wing Defense Defense
Ryan Kesler Taylor Pyatt Darren Reid Steve Staios Jay McKee
Goaltenders
Starting : Brian Elliott
Backup : Ondrej Pavelec
Extra Forwards
Normal : Dainius Zubrus, Raffi Torres, Eric Godard - PP : Dainius Zubrus, Raffi Torres - PK : Eric Godard
Extra Defensemen
Normal : Eric Cairns, Dennis Seidenberg, Sheldon Souray - PP : Eric Cairns - PK : Dennis Seidenberg, Sheldon Souray
Penalty Shots
Ryan Kesler, Darren Reid, Taylor Pyatt, Ted Purcell, Denis Arkhipov
% Time on Ice - Maple Leafs
Lines # - Real PCT - Wanted PCT - Time Play
Normal Forward
1 - 31% - 40% - 12:02
2 - 26% - 30% - 10:05
3 - 20% - 20% - 7:37
4 - 22% - 10% - 8:30
Normal Defense
1 - 37% - 40% - 14:04
2 - 33% - 30% - 12:36
3 - 30% - 20% - 11:34
4 - 0% - 10% - 0:00
PP Forward
1 - 54% - 60% - 5:23
2 - 46% - 40% - 4:34
PP Defense
1 - 58% - 60% - 5:45
2 - 42% - 40% - 4:12
PK Forward
1 - 80% - 60% - 7:53
2 - 20% - 40% - 1:59
PK Defense
1 - 59% - 60% - 5:50
2 - 41% - 40% - 4:02
PK3 Forward
1 - 0% - 60%
2 - 0% - 40%
PK3 Defense
1 - 0% - 60%
2 - 0% - 40%
44 Forward
1 - 100% - 60% - 1:57
2 - 0% - 40% - 0:00
44 Defense
1 - 49% - 60% - 0:57
2 - 51% - 40% - 1:00
Last Minute Offensive - 0:00
Last Minute Defensive - 0:00
Total
Forward - 60:00
Defense - 60:00
|
% Time on Ice - Penguins
Lines # - Real PCT - Wanted PCT - Time Play
Normal Forward
1 - 31% - 40% - 11:50
2 - 29% - 30% - 11:10
3 - 31% - 20% - 11:45
4 - 9% - 10% - 3:29
Normal Defense
1 - 39% - 40% - 14:57
2 - 35% - 30% - 13:13
3 - 24% - 20% - 9:05
4 - 3% - 10% - 0:59
PP Forward
1 - 56% - 60% - 5:33
2 - 44% - 40% - 4:19
PP Defense
1 - 54% - 60% - 5:22
2 - 46% - 40% - 4:30
PK Forward
1 - 72% - 60% - 7:11
2 - 28% - 40% - 2:46
PK Defense
1 - 61% - 60% - 6:07
2 - 39% - 40% - 3:50
PK3 Forward
1 - 0% - 60%
2 - 0% - 40%
PK3 Defense
1 - 0% - 60%
2 - 0% - 40%
44 Forward
1 - 88% - 60% - 1:43
2 - 12% - 40% - 0:14
44 Defense
1 - 77% - 60% - 1:30
2 - 23% - 40% - 0:27
Last Minute Offensive - 0:00
Last Minute Defensive - 0:00
Total
Forward - 60:00
Defense - 60:00
|
Play by Play
1st period
0:01 of 1st period - Ryan Kesler wins face-off versus Robert Nilsson in neutral zone.
0:10 of 1st period - Snap shot by Darren Reid.
0:10 of 1st period - Stopped by Marc-André Fleury without a rebound.
0:11 of 1st period - Brendan Morrison wins face-off versus Denis Arkhipov in Maple Leafs zone.
0:36 of 1st period - Braydon Coburn is hit by Steven Reinprecht and loses puck.
1:09 of 1st period - Slapshot by Ryan Carter.
1:09 of 1st period - Shot Blocked by Eric Cairns.
1:16 of 1st period - Icing by Darren Reid.
1:17 of 1st period - Ryan Kesler wins face-off versus Alexander Frolov in Penguins zone.
1:50 of 1st period - Snap shot by Byron Bitz.
1:50 of 1st period - Stopped by Brian Elliott with a rebound.
2:40 of 1st period - Tom Preissing is hit by Robert Nilsson and loses puck.
4:34 of 1st period - Snap shot by Darren Reid.
4:34 of 1st period - Stopped by Marc-André Fleury with a rebound.
4:44 of 1st period - Slapshot by Raffi Torres.
4:44 of 1st period - Shot Hit the Post.
5:26 of 1st period - Snap shot by Jamal Mayers.
5:26 of 1st period - Shot Misses the Net.
6:50 of 1st period - Slapshot by Claude Giroux.
6:50 of 1st period - Stopped by Brian Elliott without a rebound.
6:51 of 1st period - Brendan Morrison wins face-off versus Steven Reinprecht in Penguins zone.
7:12 of 1st period - Snap shot by Steven Reinprecht.
7:12 of 1st period - Goal by Steven Reinprecht - Maple Leafs : 0 - Penguins : 1.
7:13 of 1st period - Ryan Kesler wins face-off versus Robert Nilsson in neutral zone.
7:53 of 1st period - Snap shot by Claude Giroux.
7:53 of 1st period - Shot Misses the Net.
7:55 of 1st period - Slapshot by Brett Clark.
7:55 of 1st period - Stopped by Brian Elliott with a rebound.
7:57 of 1st period - Snap shot by Claude Giroux.
7:57 of 1st period - Stopped by Brian Elliott without a rebound.
7:58 of 1st period - Brendan Morrison wins face-off versus Taylor Pyatt in Penguins zone.
8:08 of 1st period - Minor Penalty to Darren Reid for Tripping.
8:09 of 1st period - Ryan Kesler wins face-off versus Robert Nilsson in Penguins zone.
9:06 of 1st period - Minor Penalty to Claude Giroux for Tripping.
9:07 of 1st period - Ryan Kesler wins face-off versus Robert Nilsson in Maple Leafs zone.
9:10 of 1st period - Wrist shot by Ryan Kesler.
9:10 of 1st period - Deflect By Braydon Coburn.
9:10 of 1st period - Stopped by Marc-André Fleury with a rebound.
9:12 of 1st period - Snap shot by Jay McKee.
9:12 of 1st period - Stopped by Marc-André Fleury with a rebound.
9:36 of 1st period - Snap shot by Eric Godard.
9:36 of 1st period - Shot Blocked by Robert Nilsson.
9:38 of 1st period - Slapshot by Tom Preissing.
9:38 of 1st period - Stopped by Marc-André Fleury with a rebound.
9:40 of 1st period - Wrist shot by Raffi Torres.
9:40 of 1st period - Stopped by Marc-André Fleury with a rebound.
9:42 of 1st period - Snap shot by Raffi Torres.
9:42 of 1st period - Shot Misses the Net.
9:44 of 1st period - Slapshot by Tom Preissing.
9:44 of 1st period - Stopped by Marc-André Fleury with a rebound.
9:46 of 1st period - Snap shot by Raffi Torres.
9:46 of 1st period - Stopped by Marc-André Fleury without a rebound.
9:47 of 1st period - Ryan Kesler wins face-off versus Robert Nilsson in Maple Leafs zone.
10:08 of 1st period - Penalty to Darren Reid is over, Darren Reid is back on ice.
10:56 of 1st period - Brett Clark is hit by Tom Preissing.
11:00 of 1st period - Alexander Frolov is hit by Taylor Pyatt and loses puck.
11:06 of 1st period - Penalty to Claude Giroux is over, Claude Giroux is back on ice.
11:17 of 1st period - Andy Hilbert is hit by Marc-Édouard Vlasic and loses puck.
11:54 of 1st period - Snap shot by Byron Bitz.
11:54 of 1st period - Stopped by Brian Elliott with a rebound.
12:48 of 1st period - Dion Phaneuf is hit by Raffi Torres and loses puck.
13:18 of 1st period - Minor Penalty to Steve Staios for Roughing.
13:19 of 1st period - Ryan Kesler wins face-off versus Robert Nilsson in Penguins zone.
13:56 of 1st period - Snap shot by Ted Purcell.
13:56 of 1st period - Shot Blocked by Brett Clark.
14:04 of 1st period - Ted Purcell is hit by Braydon Coburn and loses puck.
14:21 of 1st period - Minor Penalty to Robert Nilsson for Holding.
14:22 of 1st period - Ryan Kesler wins face-off versus Jamal Mayers in Maple Leafs zone.
14:37 of 1st period - Wrist shot by Claude Giroux.
14:37 of 1st period - Shot Blocked by Darren Reid.
15:04 of 1st period - Snap shot by Alexander Frolov.
15:04 of 1st period - Goal by Alexander Frolov - Maple Leafs : 1 - Penguins : 1.
15:05 of 1st period - Ryan Kesler wins face-off versus Jamal Mayers in neutral zone.
15:18 of 1st period - Penalty to Steve Staios is over, Steve Staios is back on ice.
15:26 of 1st period - Snap shot by Darren Reid.
15:26 of 1st period - Goal by Darren Reid - Maple Leafs : 1 - Penguins : 2.
15:27 of 1st period - Claude Giroux wins face-off versus Ryan Kesler in neutral zone.
16:22 of 1st period - Wrist shot by Tobias Enstrom.
16:22 of 1st period - Shot Blocked by Dainius Zubrus.
17:02 of 1st period - Wrist shot by Claude Giroux.
17:02 of 1st period - Goal by Claude Giroux - Maple Leafs : 2 - Penguins : 2.
17:03 of 1st period - Robert Nilsson wins face-off versus Ryan Kesler in neutral zone.
17:06 of 1st period - Jay McKee is hit by Robert Nilsson and loses puck.
17:11 of 1st period - Snap shot by Claude Giroux.
17:11 of 1st period - Stopped by Brian Elliott without a rebound.
17:12 of 1st period - Robert Nilsson wins face-off versus Ryan Kesler in Penguins zone.
17:50 of 1st period - Wrist shot by Claude Giroux.
17:50 of 1st period - Shot Blocked by Ryan Kesler.
17:52 of 1st period - Snap shot by Claude Giroux.
17:52 of 1st period - Shot Misses the Net.
18:02 of 1st period - Wrist shot by Robert Nilsson.
18:02 of 1st period - Shot Misses the Net.
18:22 of 1st period - Snap shot by Claude Giroux.
18:22 of 1st period - Shot Misses the Net.
18:24 of 1st period - Snap shot by Robert Nilsson.
18:24 of 1st period - Deflect By Claude Giroux.
18:24 of 1st period - Shot Misses the Net.
18:24 of 1st period - Puck is out of play.
18:25 of 1st period - Brendan Morrison wins face-off versus Denis Arkhipov in Penguins zone.
18:26 of 1st period - Snap shot by Byron Bitz.
18:26 of 1st period - Shot Blocked by Brad Isbister.
18:28 of 1st period - Wrist shot by Brendan Morrison.
18:28 of 1st period - Shot Misses the Net.
18:30 of 1st period - Snap shot by Byron Bitz.
18:30 of 1st period - Shot Blocked by Denis Arkhipov.
18:32 of 1st period - Snap shot by Dustin Penner.
18:32 of 1st period - Stopped by Brian Elliott with a rebound.
18:34 of 1st period - Backhand shot by Dustin Penner.
18:34 of 1st period - Shot Blocked by Dennis Seidenberg.
19:29 of 1st period - Double Minor Penalty to Jamal Mayers for High sticking.
19:30 of 1st period - Ryan Kesler wins face-off versus Robert Nilsson in Maple Leafs zone.
19:54 of 1st period - Tobias Enstrom is hit by Taylor Pyatt and loses puck.
Goals for this period are 2 for Maple Leafs vs 2 for Penguins.
Shots for this period are 9 for Maple Leafs vs 10 for Penguins.
2nd period
0:01 of 2nd period - Ryan Kesler wins face-off versus Robert Nilsson in neutral zone.
0:32 of 2nd period - Wrist shot by Ted Purcell.
0:32 of 2nd period - Shot Blocked by Dion Phaneuf.
0:34 of 2nd period - Wrist shot by Marc-Édouard Vlasic.
0:34 of 2nd period - Deflect By Dustin Penner.
0:34 of 2nd period - Stopped by Marc-André Fleury without a rebound.
0:35 of 2nd period - Robert Nilsson wins face-off versus Ryan Kesler in Maple Leafs zone.
1:07 of 2nd period - Snap shot by Ted Purcell.
1:07 of 2nd period - Stopped by Marc-André Fleury with a rebound.
1:09 of 2nd period - Snap shot by Tom Preissing.
1:09 of 2nd period - Goal by Tom Preissing - Maple Leafs : 2 - Penguins : 3.
1:10 of 2nd period - Ryan Kesler wins face-off versus Claude Giroux in neutral zone.
1:13 of 2nd period - Snap shot by Taylor Pyatt.
1:13 of 2nd period - Goal by Taylor Pyatt - Maple Leafs : 2 - Penguins : 4.
1:13 of 2nd period - Viktor Fasth enters game.
1:14 of 2nd period - Ryan Kesler wins face-off versus Robert Nilsson in neutral zone.
1:40 of 2nd period - Brad Isbister is hit by Tobias Enstrom and loses puck.
1:51 of 2nd period - Snap shot by Brendan Morrison.
1:51 of 2nd period - Stopped by Brian Elliott with a rebound.
2:39 of 2nd period - Snap shot by Brad Isbister.
2:39 of 2nd period - Goal by Brad Isbister - Maple Leafs : 2 - Penguins : 5.
2:40 of 2nd period - Ryan Kesler wins face-off versus Robert Nilsson in neutral zone.
2:52 of 2nd period - Minor Penalty to Robert Nilsson for Tripping.
2:53 of 2nd period - Dustin Penner wins face-off versus Ryan Kesler in Maple Leafs zone.
2:53 of 2nd period - Dustin Penner is hit by Ryan Kesler.
3:02 of 2nd period - Wrist shot by Ryan Kesler.
3:02 of 2nd period - Shot Misses the Net.
3:04 of 2nd period - Snap shot by Steve Staios.
3:04 of 2nd period - Stopped by Viktor Fasth with a rebound.
3:06 of 2nd period - Slapshot by Jay McKee.
3:06 of 2nd period - Shot Misses the Net.
3:08 of 2nd period - Snap shot by Ryan Kesler.
3:08 of 2nd period - Shot Misses the Net.
3:18 of 2nd period - Dion Phaneuf is hit by Denis Arkhipov and loses puck.
4:09 of 2nd period - Denis Arkhipov is hit by Tobias Enstrom and loses puck.
4:52 of 2nd period - Penalty to Robert Nilsson is over, Robert Nilsson is back on ice.
5:05 of 2nd period - Wrist shot by Robert Nilsson.
5:05 of 2nd period - Stopped by Brian Elliott without a rebound.
5:06 of 2nd period - Steven Reinprecht wins face-off versus Rob Schremp in Penguins zone.
5:06 of 2nd period - Steven Reinprecht is hit by Jamal Mayers.
5:07 of 2nd period - Steven Reinprecht from Penguins is injured at 5:07 of 2nd period (Bruised Left Shoulder).
5:08 of 2nd period - Robert Nilsson wins face-off versus Ryan Kesler in Penguins zone.
5:13 of 2nd period - Slapshot by Claude Giroux.
5:13 of 2nd period - Shot Misses the Net.
5:31 of 2nd period - Minor Penalty to Steve Staios for Goalie Interference.
5:32 of 2nd period - Robert Nilsson wins face-off versus Ryan Kesler in Penguins zone.
5:49 of 2nd period - Snap shot by Claude Giroux.
5:49 of 2nd period - Shot Misses the Net.
7:17 of 2nd period - Brendan Morrison is hit by Jay McKee and loses puck.
7:31 of 2nd period - Penalty to Steve Staios is over, Steve Staios is back on ice.
7:44 of 2nd period - Wrist shot by Raffi Torres.
7:44 of 2nd period - Shot Misses the Net.
8:42 of 2nd period - Marc-Édouard Vlasic is hit by Byron Bitz and loses puck.
8:53 of 2nd period - Backhand shot by Marc-Édouard Vlasic.
8:53 of 2nd period - Stopped by Viktor Fasth with a rebound.
9:01 of 2nd period - Minor Penalty to Tom Preissing for Slashing.
9:02 of 2nd period - Alexander Frolov wins face-off versus Ryan Kesler in Penguins zone.
11:01 of 2nd period - Penalty to Tom Preissing is over, Tom Preissing is back on ice.
11:10 of 2nd period - Wrist shot by Ryan Carter.
11:10 of 2nd period - Stopped by Brian Elliott without a rebound.
11:11 of 2nd period - Denis Arkhipov wins face-off versus Ryan Carter in Penguins zone.
11:28 of 2nd period - Minor Penalty to Ryan Carter for Hooking.
11:29 of 2nd period - Robert Nilsson wins face-off versus Ryan Kesler in Maple Leafs zone.
12:04 of 2nd period - Ted Purcell is hit by Braydon Coburn and loses puck.
13:28 of 2nd period - Penalty to Ryan Carter is over, Ryan Carter is back on ice.
14:00 of 2nd period - Wrist shot by Alexander Frolov.
14:00 of 2nd period - Deflect By Rob Schremp.
14:00 of 2nd period - Stopped by Brian Elliott without a rebound.
14:01 of 2nd period - Ryan Kesler wins face-off versus Brendan Morrison in Penguins zone.
14:08 of 2nd period - Snap shot by Byron Bitz.
14:08 of 2nd period - Stopped by Brian Elliott without a rebound.
14:09 of 2nd period - Ryan Kesler wins face-off versus Brendan Morrison in Penguins zone.
14:09 of 2nd period - Ryan Kesler is hit by Joe Corvo.
14:30 of 2nd period - Off-side.
14:31 of 2nd period - Robert Nilsson wins face-off versus Denis Arkhipov in neutral zone.
14:36 of 2nd period - Snap shot by Alexander Frolov.
14:36 of 2nd period - Stopped by Brian Elliott without a rebound.
14:37 of 2nd period - Ryan Kesler wins face-off versus Robert Nilsson in Penguins zone.
15:54 of 2nd period - Wrist shot by Alexander Frolov.
15:54 of 2nd period - Stopped by Brian Elliott with a rebound.
16:06 of 2nd period - Slapshot by Tom Preissing.
16:06 of 2nd period - Shot Misses the Net.
16:08 of 2nd period - Slapshot by Marc-Édouard Vlasic.
16:08 of 2nd period - Shot Blocked by Brett Clark.
16:10 of 2nd period - Slapshot by Tom Preissing.
16:10 of 2nd period - Shot Misses the Net.
16:12 of 2nd period - Slapshot by Tom Preissing.
16:12 of 2nd period - Deflect By Ted Purcell.
16:12 of 2nd period - Stopped by Viktor Fasth with a rebound.
16:32 of 2nd period - Wrist shot by Brendan Morrison.
16:32 of 2nd period - Shot Misses the Net.
16:34 of 2nd period - Slapshot by Braydon Coburn.
16:34 of 2nd period - Stopped by Brian Elliott with a rebound.
16:36 of 2nd period - Slapshot by Brett Clark.
16:36 of 2nd period - Deflect By Byron Bitz.
16:36 of 2nd period - Stopped by Brian Elliott with a rebound.
17:06 of 2nd period - Joe Corvo is hit by Steve Staios and loses puck.
18:05 of 2nd period - Taylor Pyatt is hit by Claude Giroux and loses puck.
18:26 of 2nd period - Snap shot by Nils Ekman.
18:26 of 2nd period - Stopped by Brian Elliott with a rebound.
18:46 of 2nd period - Snap shot by Byron Bitz.
18:46 of 2nd period - Shot Misses the Net.
18:48 of 2nd period - Wrist shot by Brendan Morrison.
18:48 of 2nd period - Stopped by Brian Elliott without a rebound.
18:49 of 2nd period - Brendan Morrison wins face-off versus Denis Arkhipov in Penguins zone.
18:50 of 2nd period - Slapshot by Tobias Enstrom.
18:50 of 2nd period - Stopped by Brian Elliott with a rebound.
19:16 of 2nd period - Steve Staios is hit by Tobias Enstrom.
19:22 of 2nd period - Slapshot by Claude Giroux.
19:22 of 2nd period - Shot Misses the Net.
Goals for this period are 0 for Maple Leafs vs 3 for Penguins.
Shots for this period are 12 for Maple Leafs vs 8 for Penguins.
3rd period
0:01 of 3rd period - Ryan Kesler wins face-off versus Robert Nilsson in neutral zone.
0:14 of 3rd period - Snap shot by Ryan Kesler.
0:14 of 3rd period - Shot Blocked by Alexander Frolov.
0:26 of 3rd period - Brad Isbister is hit by Brendan Morrison and loses puck.
0:32 of 3rd period - Off-side.
0:33 of 3rd period - Ryan Kesler wins face-off versus Brendan Morrison in neutral zone.
0:57 of 3rd period - Marc-Édouard Vlasic is hit by Byron Bitz and loses puck.
1:20 of 3rd period - Slapshot by Tobias Enstrom.
1:20 of 3rd period - Stopped by Brian Elliott with a rebound.
1:22 of 3rd period - Snap shot by Byron Bitz.
1:22 of 3rd period - Stopped by Brian Elliott with a rebound.
1:24 of 3rd period - Slapshot by Joe Corvo.
1:24 of 3rd period - Shot Blocked by Steve Staios.
1:34 of 3rd period - Dustin Penner is hit by Steve Staios and loses puck.
1:48 of 3rd period - Dennis Seidenberg is hit by Brendan Morrison and loses puck.
2:01 of 3rd period - Slapshot by Dennis Seidenberg.
2:01 of 3rd period - Shot Blocked by Byron Bitz.
2:08 of 3rd period - Off-side.
2:09 of 3rd period - Alexander Frolov wins face-off versus Ryan Kesler in neutral zone.
2:18 of 3rd period - Off-side.
2:19 of 3rd period - Robert Nilsson wins face-off versus Ryan Kesler in neutral zone.
2:54 of 3rd period - Wrist shot by Alexander Frolov.
2:54 of 3rd period - Shot Hit the Post.
3:12 of 3rd period - Wrist shot by Taylor Pyatt.
3:12 of 3rd period - Deflect By Darren Reid.
3:12 of 3rd period - Shot Misses the Net.
3:12 of 3rd period - Puck is out of play.
3:13 of 3rd period - Denis Arkhipov wins face-off versus Rob Schremp in Maple Leafs zone.
3:24 of 3rd period - Wrist shot by Ted Purcell.
3:24 of 3rd period - Shot Blocked by Braydon Coburn.
3:26 of 3rd period - Snap shot by Denis Arkhipov.
3:26 of 3rd period - Shot Blocked by Brett Clark.
3:40 of 3rd period - Tom Preissing is hit by Ryan Carter and loses puck.
5:27 of 3rd period - Danil Markov is hit by Eric Godard and loses puck.
5:55 of 3rd period - Minor Penalty to Tom Preissing for Hooking.
5:56 of 3rd period - Ryan Kesler wins face-off versus Robert Nilsson in Penguins zone.
5:56 of 3rd period - Ryan Kesler is hit by Dion Phaneuf.
6:24 of 3rd period - Wrist shot by Taylor Pyatt.
6:24 of 3rd period - Shot Blocked by Tobias Enstrom.
6:32 of 3rd period - Steve Staios is hit by Dion Phaneuf and loses puck.
7:55 of 3rd period - Penalty to Tom Preissing is over, Tom Preissing is back on ice.
8:43 of 3rd period - Wrist shot by Andy Hilbert.
8:43 of 3rd period - Stopped by Brian Elliott without a rebound.
8:44 of 3rd period - Ryan Kesler wins face-off versus Jamal Mayers in Penguins zone.
9:10 of 3rd period - Wrist shot by Byron Bitz.
9:10 of 3rd period - Stopped by Brian Elliott without a rebound.
9:11 of 3rd period - Ryan Kesler wins face-off versus Robert Nilsson in Penguins zone.
9:11 of 3rd period - Ryan Kesler is hit by Danil Markov.
9:20 of 3rd period - Minor Penalty to Joe Corvo for Goalie Interference.
9:21 of 3rd period - Robert Nilsson wins face-off versus Ryan Kesler in Maple Leafs zone.
11:20 of 3rd period - Penalty to Joe Corvo is over, Joe Corvo is back on ice.
11:34 of 3rd period - Backhand shot by Joe Corvo.
11:34 of 3rd period - Shot Misses the Net.
11:36 of 3rd period - Wrist shot by Dustin Penner.
11:36 of 3rd period - Stopped by Brian Elliott without a rebound.
11:37 of 3rd period - Rob Schremp wins face-off versus Eric Godard in Penguins zone.
12:30 of 3rd period - Slapshot by Jamal Mayers.
12:30 of 3rd period - Stopped by Brian Elliott with a rebound.
12:46 of 3rd period - Slapshot by Brett Clark.
12:46 of 3rd period - Shot Blocked by Denis Arkhipov.
12:51 of 3rd period - Denis Arkhipov is hit by Byron Bitz.
13:08 of 3rd period - Slapshot by Brett Clark.
13:08 of 3rd period - Shot Misses the Net.
13:10 of 3rd period - Snap shot by Brett Clark.
13:10 of 3rd period - Shot Misses the Net.
13:28 of 3rd period - Snap shot by Alexander Frolov.
13:28 of 3rd period - Stopped by Brian Elliott without a rebound.
13:29 of 3rd period - Ryan Kesler wins face-off versus Brendan Morrison in Penguins zone.
13:29 of 3rd period - Ryan Kesler is hit by Tobias Enstrom.
14:00 of 3rd period - Wrist shot by Robert Nilsson.
14:00 of 3rd period - Shot Blocked by Ted Purcell.
14:02 of 3rd period - Slapshot by Tobias Enstrom.
14:02 of 3rd period - Stopped by Brian Elliott without a rebound.
14:03 of 3rd period - Denis Arkhipov wins face-off versus Robert Nilsson in Penguins zone.
14:05 of 3rd period - Minor Penalty to Denis Arkhipov for Boarding.
14:06 of 3rd period - Ryan Kesler wins face-off versus Robert Nilsson in Penguins zone.
14:21 of 3rd period - Icing by Dion Phaneuf.
14:22 of 3rd period - Robert Nilsson wins face-off versus Ryan Kesler in Maple Leafs zone.
14:47 of 3rd period - Jay McKee is hit by Tobias Enstrom.
16:05 of 3rd period - Penalty to Denis Arkhipov is over, Denis Arkhipov is back on ice.
16:10 of 3rd period - Icing by Andy Hilbert.
16:11 of 3rd period - Ryan Carter wins face-off versus Denis Arkhipov in Maple Leafs zone.
16:30 of 3rd period - Ryan Carter is hit by Denis Arkhipov and loses puck.
17:02 of 3rd period - Snap shot by Nils Ekman.
17:02 of 3rd period - Goal by Nils Ekman - Maple Leafs : 3 - Penguins : 5.
17:03 of 3rd period - Ryan Kesler wins face-off versus Rob Schremp in neutral zone.
17:08 of 3rd period - Snap shot by Eric Godard.
17:08 of 3rd period - Stopped by Viktor Fasth with a rebound.
17:14 of 3rd period - Snap shot by Jamal Mayers.
17:14 of 3rd period - Deflect By Rob Schremp.
17:14 of 3rd period - Shot Blocked by Steve Staios.
17:14 of 3rd period - Puck is out of play.
17:15 of 3rd period - Rob Schremp wins face-off versus Ryan Kesler in Penguins zone.
17:16 of 3rd period - Snap shot by Jamal Mayers.
17:16 of 3rd period - Shot Blocked by Steve Staios.
17:30 of 3rd period - Wrist shot by Ryan Kesler.
17:30 of 3rd period - Shot Misses the Net.
17:37 of 3rd period - Icing by Jamal Mayers.
17:38 of 3rd period - Rob Schremp wins face-off versus Denis Arkhipov in Maple Leafs zone.
17:38 of 3rd period - Rob Schremp is hit by Raffi Torres.
17:44 of 3rd period - Wrist shot by Raffi Torres.
17:44 of 3rd period - Stopped by Viktor Fasth with a rebound.
17:46 of 3rd period - Wrist shot by Raffi Torres.
17:46 of 3rd period - Goal by Raffi Torres - Maple Leafs : 3 - Penguins : 6.
17:47 of 3rd period - Ryan Kesler wins face-off versus Robert Nilsson in neutral zone.
17:50 of 3rd period - Tobias Enstrom is hit by Darren Reid and loses puck.
18:13 of 3rd period - Ted Purcell is hit by Dustin Penner and loses puck.
18:34 of 3rd period - Eric Godard is hit by Jamal Mayers and loses puck.
18:55 of 3rd period - Snap shot by Ryan Kesler.
18:55 of 3rd period - Stopped by Viktor Fasth without a rebound.
18:55 of 3rd period - Minor Penalty to Viktor Fasth for Slashing.
18:56 of 3rd period - Ryan Kesler wins face-off versus Robert Nilsson in Maple Leafs zone.
Goals for this period are 1 for Maple Leafs vs 1 for Penguins.
Shots for this period are 9 for Maple Leafs vs 4 for Penguins.
Output by the SimonT Hockey Simulator (STHS) for François Prévost -- Original Page W3C XHTML 1.0 Valid